 Dungeon Sprint DCSS version 0.31-a0-75-g6fe912e8c5 (webtiles) character file.

Game seed: 15467869688364970606

2303 sircluck the Grappler (level 9, -6/101 HPs)
             Began as a Troll Berserker on May 23, 2023.
             Was an Elder of Trog.
             Mangled by a centaur warrior (10 damage)
             ... in the Dungeon (Sprint I: "Red Sonja").
             The game lasted 00:02:19 (487 turns).

sircluck the Grappler (Troll Berserker)              Turns: 487, Time: 00:02:20

Health: -6/101     AC:  6    Str: 31    XL:     9   Next: 18%
Magic:  8/8        EV: 11    Int:  3    God:    Trog [****..]
Gold:   759        SH:  6    Dex:  9    Spells: 8/8 levels left

rFire   . .          .
                       - Unarmed
rCold   . . .        n - +0 kite shield
rNeg    . . .        m - +0 troll leather armour
rPois   .            (helmet restricted)
rElec   .            (no cloak)
rCorr   .            (gloves unavailable)
SInv    .            (boots unavailable)
Will    .....        (no amulet)
Stlth   +            (no ring)
HPRegen 1.96/turn    (no ring)
MPRegen 0.11/turn

%: no teleportation
@: no status effects
A: large, unfitting armour, claws 3, regeneration 1, shaggy fur 1, tough skin 1
a: Renounce Religion, Berserk, Trog's Hand, Brothers in Arms


You were in the Dungeon.
You worshipped Trog.
Trog was greatly pleased with you.
You visited 1 branch You collected 822 gold pieces.
You spent 63 gold pieces at shops.

Inventory:

Missiles
 k - 5 curare-tipped darts (quivered)
 l - 7 stones
Armour
 a - a +0 animal skin
 m - a +0 troll leather armour (worn)
 n - a +0 kite shield (worn)
Wands
 h - a wand of flame (21)
 i - a wand of digging (5)
Scrolls
 g - a scroll of blinking
 o - a scroll of magic mapping {unknown}
Potions
 b - 6 potions of curing
 c - a potion of heal wounds
 d - 2 potions of haste
 e - 2 potions of magic
 f - a potion of berserk rage
 j - a potion of mutation {unknown}
 p - a potion of brilliance {unknown}


   Skills:
 + Level 9.9 Fighting
 + Level 10.3 Dodging
 + Level 13.5 Unarmed Combat


You had 8 spell levels left.
You didn't know any spells.
Your spell library was empty.

Dungeon Overview and Level Annotations

Branches:
Dungeon (1/1)

Altars:
Cheibriados
Dithmenos
Elyvilon
Fedhas
Gozag
Hepliaklqana
Kikubaaqudgha
Makhleb
Nemelex Xobeh
Okawaru
Qazlal
Ru
Sif Muna
Trog
Uskayaw
Vehumet
Wu Jian
Xom
Yredelemnul
Zin
The Shining One
Jiyva
Lugonu

Shops:
D (?[


Innate Abilities, Weirdness & Mutations

You are too large for most types of armour.
You have claws for hands.
Your natural rate of healing is unusually fast.
You are covered in fur. (AC +1)
You have tough skin. (AC +1)


Message History

You block the centaur warrior's attack.
The centaur warrior unwields a +0 shortbow.
You block the centaur warrior's attack. The centaur warrior kicks you.
The centaur warrior hits you. The centaur warrior kicks you.
Unknown command.
Unknown command.
You closely miss the centaur warrior. The centaur warrior closely misses you.
The centaur warrior misses you. The centaur warrior hits you.
The centaur warrior kicks you. The centaur warrior hits you.
You block the centaur warrior's attack.
You mangle the centaur warrior!!
The centaur warrior is severely wounded.
The centaur warrior hits you. The centaur warrior kicks you.
The centaur warrior closely misses you. The centaur warrior barely misses you.
You scratch the centaur warrior but do no damage.
The centaur warrior is heavily wounded.
The centaur warrior hits you but does no damage.
The centaur warrior barely misses you. The centaur warrior hits you!
The centaur warrior barely misses you. The centaur warrior hits you.
The centaur warrior kicks you.
You claw the centaur warrior!
The centaur warrior is severely wounded.
You block the centaur warrior's attack. The centaur warrior kicks you.
* * * LOW HITPOINT WARNING * * *
The centaur warrior hits you.
* * * LOW HITPOINT WARNING * * *
The centaur warrior kicks you.
* * * LOW HITPOINT WARNING * * *
You barely miss the centaur warrior.
The centaur warrior is severely wounded.
The centaur warrior hits you!
* * * LOW HITPOINT WARNING * * *
The centaur warrior kicks you.
* * * LOW HITPOINT WARNING * * *
The centaur warrior hits you!
* * * LOW HITPOINT WARNING * * *
The centaur warrior kicks you.
* * * LOW HITPOINT WARNING * * *
The centaur warrior hits you!
You die...

#######################
#..)..#..'..#__#..')..#
)..#..').#..'..'..#)..#
#####'#####'#__####...+
####..#...#.####§$#####
#__####..##.#§§§§c#
#_____##'#_.+§§§@§+
#_.∩...'..._#§§§.c#
#_..__##_.#'##§####
#_____###'#[#...[###
#########)####'###)##
.......'...'†....'.∩#
++++####...##########
###.### #.#'#.#


You could see 2 centaur warriors.

Vanquished Creatures
  Sonja (D)
  A deep troll (D)
  2 kobold demonologists (D)
  A slime creature (D)
  Sigmund (D)
  A yak (D)
  A floating eye (D)
  An ogre (D)
  A jelly (D)
  Ijyb (D)
11 creatures vanquished.

Vanquished Creatures (others)
  2 ballistomycete spores (D)
2 creatures vanquished.

Grand Total: 13 creatures vanquished

Notes
Turn   | Place    | Note
-------+----------+-------------------------------------------
     0 | D        | sircluck the Troll Berserker began the quest for the Orb.
     0 | D        | Reached XP level 1. HP: 22/22 MP: 0/0
     2 | D        | Noticed Ijyb
     5 | D        | Killed Ijyb
     6 | D        | Reached skill level 4 in Unarmed Combat
     6 | D        | Reached XP level 2. HP: 31/31 MP: 1/1
    38 | D        | Noticed an ogre
    42 | D        | Killed an ogre
    43 | D        | Reached skill level 5 in Fighting
    43 | D        | Reached skill level 6 in Unarmed Combat
    43 | D        | Reached XP level 3. HP: 42/42 MP: 2/2
    43 | D        | Reached XP level 4. HP: 50/50 MP: 3/3
    84 | D        | Noticed Sigmund
    90 | D        | Killed Sigmund
    90 | D        | Reached ** piety under Trog
    91 | D        | Reached skill level 8 in Unarmed Combat
    91 | D        | Reached XP level 5. HP: 61/61 MP: 4/4
    91 | D        | Reached XP level 6. HP: 68/68 MP: 5/5
   141 | D        | Found an ornate altar of the Wu Jian Council.
   141 | D        | Found a shimmering blue altar of Sif Muna.
   143 | D        | Found a radiant altar of Vehumet.
   155 | D        | Found a burning altar of Makhleb.
   155 | D        | Found a viscous altar of Jiyva.
   155 | D        | Found a shimmering altar of Xom.
   155 | D        | Found a corrupted altar of Lugonu.
   155 | D        | Noticed a slime creature
   200 | D        | Killed a slime creature
   201 | D        | Reached skill level 9 in Unarmed Combat
   226 | D        | Noticed a kobold demonologist
   226 | D        | Noticed a floating eye
   226 | D        | Noticed a kobold demonologist
   227 | D        | Paralysed by a floating eye for 2 turns
   229 | D        | Noticed a hellwing
   229 | D        | Killed a floating eye
   229 | D        | Reached *** piety under Trog
   230 | D        | Reached XP level 7. HP: 76/79 MP: 6/6
   234 | D        | Killed a kobold demonologist
   235 | D        | Reached skill level 10 in Unarmed Combat
   244 | D        | Killed a kobold demonologist
   245 | D        | Reached skill level 11 in Unarmed Combat
   245 | D        | Reached XP level 8. HP: 38/89 MP: 7/7
   286 | D        | Found Igicoqum's Magic Scroll Emporium.
   286 | D        | Found an ancient bone altar of Kikubaaqudgha.
   286 | D        | Found a hazy altar of Hepliaklqana.
   286 | D        | Found a stormy altar of Qazlal.
   286 | D        | Found a hide-covered altar of Uskayaw.
   286 | D        | Found a blossoming altar of Fedhas.
   286 | D        | Found a bloodstained altar of Trog.
   286 | D        | Found an iron altar of Okawaru.
   286 | D        | Found a basalt altar of Yredelemnul.
   286 | D        | Found a glowing golden altar of the Shining One.
   286 | D        | Found a snail-covered altar of Cheibriados.
   286 | D        | Found a sacrificial altar of Ru.
   286 | D        | Found a glowing silver altar of Zin.
   286 | D        | Found a shadowy altar of Dithmenos.
   286 | D        | Found a white marble altar of Elyvilon.
   288 | D        | Reached **** piety under Trog
   289 | D        | Found an opulent altar of Gozag.
   290 | D        | Found a sparkling altar of Nemelex Xobeh.
   317 | D        | Noticed Sonja
   322 | D        | Killed Sonja
   323 | D        | Reached skill level 12 in Unarmed Combat
   382 | D        | Noticed a deep troll
   391 | D        | Killed a deep troll
   392 | D        | Reached skill level 10 in Dodging
   392 | D        | Reached skill level 13 in Unarmed Combat
   392 | D        | Reached XP level 9. HP: 101/101 MP: 8/8
   402 | D        | Found Gaurofoa's Armour Emporium.
   407 | D        | Bought a +0 kite shield for 63 gold pieces
   448 | D        | Found Rolac's Weapon Boutique.
   479 | D        | Noticed a centaur warrior
   481 | D        | Noticed a centaur warrior
   487 | D        | HP: 5/101 [centaur warrior (10)]
   487 | D        | Mangled by a centaur warrior

Illustrated notes

Levels and vault maps discovered:
D:        dungeon_sprint_1 [red_sonja_temple_1, red_sonja_temple_small_1]

Skill      XL: |  1  2  3  4  5  6  7  8 |
---------------+-------------------------+-----
Fighting       | 3 5 6 7 8 9 |  9.9
Dodging        | 3 4 6 7 8 10 | 10.3
Unarmed Combat | 4 6 8 9 11 13 | 13.5

Action                     |  1- 3 |  4- 6 |  7- 9 || total
---------------------------+-------+-------+-------++-------
  Melee: Unarmed           |     5 |    13 |    30 ||    48
         Punch             |     1 |       |     2 ||     3
 Invoke: Berserk           |     2 |     1 |     2 ||     5
 Armour: Animal skin       |       |     1 |     7 ||     8
         Troll leather arm |       |       |     1 ||     1
  Dodge: Dodged            |     1 |     2 |    23 ||    26
  Block: Kite shield       |       |       |     4 ||     4

Table legend: (Time is in decaauts)
 A = Elapsed time spent in this place.
 B = Non-inter-level travel time spent in this place.
 C = Inter-level travel time spent in this place.
 D = Time resting spent in this place.
 E = Time spent auto-exploring this place.
 F = Levels seen in this place.
 G = Mean time per level.
                   A        B        C        D        E       F      G
               +--------+--------+--------+--------+--------+-----+--------+
         Total |    529 |    529 |      0 |    151 |      0 |   1 |  529.0 |
       Dungeon |    529 |    529 |      0 |    151 |      0 |   1 |  529.0 |
               +--------+--------+--------+--------+--------+-----+--------+

Top non-repeatable levels by time:
       D: 529 daAuts
